Selects Luftwaffe Battlegroup
Selects Luftwaffe Pioneer Support
Fallschirmpioneer Squad Paradrop
Construct Infanterie Kompanie
Fallschirmpioneer Squad Paradrop
Construct Luftwaffe Kompanie
Fallschirmpioneer Squad Paradrop
Selects Flak 38 Anti-Air Emplacement
Selects Stuka Strafing Run
Construct Panzer Kompanie
Selects Infantry Reserves
Selects Fallschirmjäger Squad Paradrop
Selects Fragmentation Bombs
Fallschirmpioneer Squad Paradrop